 Dungeon Crawl Stone Soup version 0.31-a0-625-gc9c7e45f3f (webtiles) character file.

Game seed: 1714336057523385741

819 Descartes the Trooper (level 7, -3/37 HPs)
             Began as a Vine Stalker Chaos Knight on Aug 24, 2023.
             Was a Plaything of Xom.
             Slain by a swamp worm (glowing shapeshifter) (9 damage)
             ... on level 5 of the Dungeon.
             The game lasted 00:07:01 (3463 turns).

Descartes the Trooper (Vine Stalker Chaos Knight)   Turns: 3463, Time: 00:07:03

Health: -3/37      AC: 12    Str: 15    XL:     7   Next: 95%
Magic:  0/21       EV:  8    Int: 12    God:    Xom [....*.]
Gold:   274        SH:  0    Dex: 13    Spells: 12/12 levels left

rFire   . . .        a - +0 hand axe (chaos)
rCold   + . .        (no shield)
rNeg    . . .        z - +0 chain mail
rPois   +            (no helmet)
rElec   .            (no cloak)
rCorr   .            (no gloves)
SInv    .            k - +2 pair of boots of the Learner {rPois rC+ Str-2 Stlth+}
Will    .....        r - amulet of magic regeneration Stlth
                     e - ring of magical power
HPRegen 1.06/turn    (no ring)
MPRegen 0.57/turn

%: guardian spirit
@: no status effects
A: fangs 2, regeneration 1, magic shield, antimagic bite, no potion heal 2
a: Renounce Religion


You were on level 5 of the Dungeon.
You worshipped Xom.
You were a beloved toy of Xom.
You visited 1 branch of the dungeon, and saw 5 of its levels.

You collected 274 gold pieces.

Inventory:

Hand Weapons
 a - a +0 hand axe of chaos (weapon)
 x - a +0 mace of holy wrath
Armour
 b - a +2 leather armour
 k - the +2 pair of boots of the Learner (worn) {rPois rC+ Str-2 Stlth+}
   (You found it on level 2 of the Dungeon)

   Str-2:     It affects your strength (-2).
   rC+:       It protects you from cold.
   rPois:     It protects you from poison Stlth+: It makes you more stealthy.
 z - a +0 chain mail (worn)
Jewellery
 e - a ring of magical power (left hand)
 r - an amulet of magic regeneration (around neck)
Wands
 o - a wand of charming (4)
Scrolls
 c - a scroll of butterflies
 d - a scroll of blinking {unknown}
 h - 2 scrolls of brand weapon {unknown}
 i - 5 scrolls of identify {unknown}
 l - a scroll of immolation {unknown}
 p - a scroll of enchant armour {unknown}
 t - a scroll of silence {unknown}
 w - a scroll of amnesia {unknown}
 y - a scroll of teleportation {unknown}
 A - a scroll of fear {unknown}
Potions
 f - a potion of might {unknown}
 g - a potion of lignification {unknown}
 j - 2 potions of resistance {unknown}
 m - 2 potions of mutation {unknown}
 n - a potion of haste {unknown}
 q - a potion of heal wounds {unknown}
 s - a potion of degeneration {unknown}
 u - a potion of brilliance {unknown}
 v - a potion of attraction {unknown}


   Skills:
 + Level 4.2 Fighting
 + Level 4.1 Axes
 + Level 3.2 Armour
 + Level 2.8 Dodging
 + Level 3.2 Spellcasting
 + Level 2.8 Evocations


You had 12 spell levels left.
You didn't know any spells.
Your spell library contained the following spells:

 Spells                   Type           Power      Damage    Failure   Level
 Blink                    Tloc           2%         N/A       99%         2
 Lesser Beckoning         Tloc           2%         N/A       99%         2
 Momentum Strike          Conj/Tloc      2%         3d8       99%         2
 Gell's Gravitas          Tloc           1%         N/A       100%        3
 Teleport Other           Tloc           1%         N/A       100%        3
 Vhi's Electric Charge    Tloc/Air       2%         N/A       100%        3
 Arcjolt                  Conj/Air       0%         1d10      100%        5
 Plasma Beam              Fire/Air       0%         2x1d10    100%        6


Dungeon Overview and Level Annotations

Branches:
Dungeon (5/15)
 Temple: D:4-7

Altars:
Fedhas
Hepliaklqana
Okawaru
Trog

Shops:
D:3 *


Innate Abilities, Weirdness & Mutations

You have extremely sharp teeth.
Your natural rate of healing is unusually fast.
When hurt, damage is shared between your health and your magic reserves.
Your bite disrupts and absorbs the magic of your enemies.
Potions cannot restore your health.


Message History

You bite the two-headed ogre, but do no damage.
The two-headed ogre is heavily wounded.
You closely miss the jackal. The jackal barely misses you.
Your scorpion zombie hits the two-headed ogre.
The two-headed ogre hits you! x2; The jackal closely misses you.
Your scorpion zombie hits the two-headed ogre.
You hit the two-headed ogre.
The two-headed ogre changes into a glowing shapeshifter!
You hit the jackal. You drain the jackal.
You kill the jackal!
The glowing shapeshifter changes into a swamp worm!
Your scorpion zombie barely misses the swamp worm.
Unknown command.
You slash the swamp worm! You burn the swamp worm.
The swamp worm is moderately wounded.
The swamp worm bites you!
Your scorpion zombie hits the swamp worm.
Unknown command.
You hit the swamp worm but do no damage.
The swamp worm is poisoned.
You punch the swamp worm, but do no damage.
Your bite misses the swamp worm.
The swamp worm is heavily wounded.
The swamp worm bites you.
* * * LOW HITPOINT WARNING * * *
Your scorpion zombie hits the swamp worm.
You hit the swamp worm.
The swamp worm suddenly seems more resistant.
The swamp worm is severely wounded.
The swamp worm bites you but does no damage.
Your scorpion zombie closely misses the swamp worm.
The swamp worm bites you!
* * * LOW HITPOINT WARNING * * *
You hit the swamp worm.
The swamp worm looks as sick as possible!
Your bite misses the swamp worm.
The swamp worm is almost dead.
Your scorpion zombie misses the swamp worm.
The swamp worm bites you!
You die...

##### #######
#...#######.....#
#.............#.#
#....#####'##.#.#
#...####⌠.⌠.#.#.#
#..##.##....#Z#.#
#..8..$#._..#.#.#
#####..Z...#....#...#
#.....w@Z.$#....#.#Z#
....#.†8†.$#._..#.#.#
#.....#.##.##....#.#.#
##.......###
⌠.⌠.#.#.#### #.......
###+##......# ###..#..
............. ##..#
#.##....##### #.. .##
####.# #
....#####.#####


You could see a swamp worm shaped shifter (resistant, extremely poisoned, ally
target), a friendly jelly zombie and a friendly scorpion zombie.

Vanquished Creatures
  An ice beast (D:5)
  An ogre (D:5)
  A scorpion (D:4)
  A jelly (D:5)
  A hound (D:5)
  An orc priest (D:5)
  2 iguanas
  4 gnolls (D:3)
  15 adders
  An ufetubus (D:5)
  2 worms (D:2)
  A dart slug (D:2)
  5 orcs
  8 ball pythons
  A bat (D:3)
  5 endoplasms
  7 goblins
  4 hobgoblins
  8 jackals
  4 quokkas
  3 frilled lizards
  3 kobolds
  4 rats
83 creatures vanquished.

Vanquished Creatures (collateral kills)
  A centaur (D:5)
  A scorpion (D:5)
  A hound (D:5)
  A shadow imp (D:5)
  A jackal (D:5)
5 creatures vanquished.

Grand Total: 88 creatures vanquished

Notes
Turn   | Place    | Note
-------+----------+-------------------------------------------
     0 | D:1      | Descartes the Vine Stalker Chaos Knight began the quest for
                  | the Orb.
     0 | D:1      | Reached XP level 1. HP: 11/11 MP: 2/2
   207 | D:1      | XOM is BORED!
   207 | D:1      | XOM: silly message
   236 | D:1      | Reached XP level 2. HP: 13/16 MP: 3/3
   282 | D:1      | XOM: silly message
   302 | D:1      | Reached skill level 1 in Dodging
  1130 | D:2      | Reached XP level 3. HP: 19/19 MP: 5/5
  1162 | D:2      | Reached skill level 1 in Spellcasting
  1246 | D:2      | Reached skill level 1 in Evocations
  1248 | D:2      | Identified the +2 pair of boots of the Learner {rPois rC+
                  | Str-2 Stlth+}
  1260 | D:2      | Gained mutation: Your natural rate of healing is unusually
                  | fast. [Vine Stalker growth]
  1260 | D:2      | Reached XP level 4. HP: 15/24 MP: 6/6
  1475 | D:2      | XOM: noise
  1652 | D:2      | Found a blossoming altar of Fedhas.
  1663 | D:2      | XOM: god gift: wand of charming (4)
  1751 | D:2      | XOM: summons 1 hostile shadow creature
  1995 | D:3      | Reached XP level 5. HP: 27/28 MP: 8/8
  2048 | D:3      | XOM: smoke on damage
  2068 | D:3      | XOM: divination: magic mapping
  2090 | D:3      | XOM: divination: detect items
  2376 | D:3      | Found Jyngesy's General Store.
  2507 | D:3      | XOM: divination: magic mapping
  2879 | D:4      | XOM: potion effect (invisibility)
  2889 | D:4      | Reached XP level 6. HP: 32/32 MP: 10/10
  3171 | D:5      | Entered Level 5 of the Dungeon
  3218 | D:5      | XOM: noise
  3230 | D:5      | XOM: cleaving
  3235 | D:5      | XOM: summons friendly shadow imp
  3239 | D:5      | Reached XP level 7. HP: 34/37 MP: 11/11
  3248 | D:5      | Found a bloodstained altar of Trog.
  3415 | D:5      | Found an iron altar of Okawaru.
  3415 | D:5      | Found a hazy altar of Hepliaklqana.
  3455 | D:5      | a jackal changed into a glowing shapeshifter
  3455 | D:5      | Noticed a glowing shapeshifter (glowing shapeshifter)
  3455 | D:5      | a glowing shapeshifter changed into a two-headed ogre
  3455 | D:5      | Noticed a two-headed ogre (glowing shapeshifter)
  3459 | D:5      | a two-headed ogre changed into a glowing shapeshifter
  3459 | D:5      | Noticed a glowing shapeshifter (glowing shapeshifter)
  3459 | D:5      | a glowing shapeshifter changed into a swamp worm
  3459 | D:5      | Noticed a swamp worm (glowing shapeshifter)
  3463 | D:5      | Slain by a swamp worm (glowing shapeshifter)

Illustrated notes

Levels and vault maps discovered:
D:1:      wander_arrival_peaceful_grave, layout_basic
D:2:      layout_loops_ring, basic_altar, nicolae_half_adder
D:3:      layout_loops_ring, serial_shops, nicolae_shop_tiny_real_fake_doors,
          serial_rivers, chequers_serial_rivers_micro_b,
          chequers_serial_rivers_micro_c, chequers_serial_rivers_large_b,
          chequers_serial_rivers_micro_c, chequers_avenue,
          kennysheep_generic_room_12
D:4:      layout_rooms
D:5:      layout_rooms, mainiacjoe_overflow_chevrons, jmf_multi_god_temple,
          temple_doors_ab, serial_rivers, chequers_serial_rivers_small_3,
          chequers_serial_rivers_room_b, chequers_serial_rivers_micro_c,
          chequers_serial_rivers_small_b

Skill      XL: |  1  2  3  4  5  6  7 |
---------------+----------------------+-----
Dodging        | 1 2 |  2.8
Spellcasting   | 1 2 3 |  3.2
Fighting       | 3 4 |  4.2
Axes           | 3 4 |  4.1
Armour         | 2 3 |  3.2
Evocations     | 1 2 |  2.8

Action                     |  1- 3 |  4- 6 |  7- 9 || total
---------------------------+-------+-------+-------++-------
  Melee: Hand axe          |    68 |   172 |    32 ||   272
         Bite              |    12 |    54 |    12 ||    78
         Punch             |       |     3 |     2 ||     5
   Stab: Sleeping          |     1 |     8 |       ||     9
         Invisible         |       |     2 |       ||     2
         Paralysed         |       |     1 |       ||     1
 Armour: Leather armour    |    29 |    57 |     2 ||    88
         Chain mail        |       |       |    13 ||    13
  Dodge: Dodged            |    50 |   112 |    17 ||   179

Table legend: (Time is in decaauts)
 A = Elapsed time spent in this place.
 B = Non-inter-level travel time spent in this place.
 C = Inter-level travel time spent in this place.
 D = Time resting spent in this place.
 E = Time spent auto-exploring this place.
 F = Levels seen in this place.
 G = Mean time per level.
                   A        B        C        D        E       F      G
               +--------+--------+--------+--------+--------+-----+--------+
         Total |   3527 |   3415 |    112 |      0 |   2742 |   5 |  705.4 |
       Dungeon |   3527 |   3415 |    112 |      0 |   2742 |   5 |  705.4 |
               +--------+--------+--------+--------+--------+-----+--------+

Top non-repeatable levels by time:
     D:1: 1131 daAuts
     D:2: 837 daAuts
     D:3: 791 daAuts
     D:4: 467 daAuts
     D:5: 300 daAuts
